AoeStats
← 我不知道

Glade

510493417Analyzed
1v1 RM · 23h ago on Oct 1, 2026· 43m 28s· 2 players
Game mode
Random Map
Map size
Tiny (2 player)
Population
200
Speed
Normal
Resources
Standard
Victory
Conquest
Starting age
Dark Age
Ending age
Imperial Age
RankedLock teamsTeams togetherTeam positionsShared explorationLock speedFull tech treeHidden civsTurbo modeCheats
Victory
Defeat
🇩🇪 Persians · Germany
991
+18
🇷🇺 Mongols · Russia
1033
-18
我不知道
10:34 Feudal Age
15:04 Castle Age
15:52 Loom
16:55 Double-Bit Axe
16:55 Horse Collar
21:11 Wheelbarrow
21:51 Heavy Plow
25:58 Hand Cart
30:06 Imperial Age
29:32 Gold Mining
29:47 Town Watch
30:35 Bow Saw
33:35 Fletching
34:18 Forging
34:09 Scale Mail Armor
34:40 Conscription
34:27 Squires
33:48 Pikeman
41:24 Gold Shaft Mining
41:40 Bodkin Arrow
42:07 Ballistics
42:48 Chemistry
HellasFip
7:31 Loom
9:25 Feudal Age
10:00 Double-Bit Axe
10:16 Horse Collar
16:41 Castle Age
17:40 Forging
17:27 Gold Mining
18:51 Bow Saw
21:52 Town Watch
22:31 Fletching
22:21 Elite Skirmisher
24:31 Bodkin Arrow
31:37 Bloodlines
34:09 Imperial Age
34:10 Husbandry
34:48 Iron Casting
34:20 Scale Barding Armor
34:51 Conscription
34:55 Heavy Plow
38:19 Padded Archer Armor
43:28 Chain Barding Armor
44:27 Wheelbarrow
Connection lost

Rejoining the realm…

Still unreachable

The connection could not be restored.

Session expired

The server has moved on; the page needs a fresh start.